 Dungeon Crawl Stone Soup version 0.20.1-1-g8b1a95d (webtiles) character file.

4433 equalderp2856 the Cleaver (level 10, -4/88 HPs)
             Began as a Minotaur Fighter on Oct 23, 2017.
             Slain by a sixfirhy (9 damage)
             ... led by a cacodemon
             ... on level 2 of the Abyss.
             The game lasted 00:16:57 (7084 turns).

equalderp2856 the Cleaver (Minotaur Fighter)        Turns: 7084, Time: 00:16:58

Health: -4/88      AC: 13    Str: 20    XL:     10   Next: 14%
Magic:  9/9        EV:  5    Int:  6    God:
Gold:   333        SH: 11    Dex: 13    Spells: 9/9 levels left

rFire    . . .     SeeInvis .   a - +1 war axe
rCold    . . .     Gourm    .   c - +0 shield
rNeg     . . .     Faith    .   C - +0 plate armour
rPois    .         Spirit   .   (helmet restricted)
rElec    .         Reflect  .   (no cloak)
rCorr    .         Harm     .   (no gloves)
MR       .....                  (no boots)
Stlth    ..........             (no amulet)
Regen    0.0/turn               (no ring)
MPRegen  0.2/turn               (no ring)

@: very slightly contaminated, non-regenerating, badly diseased, drained
A: retaliatory headbutt, horns 2
a: no special abilities


You were on level 2 of the Abyss.
You were hungry.

You visited 1 branch of the dungeon, and saw 8 of its levels.
You visited the Abyss 1 time.
You also visited: Sewer.

You collected 333 gold pieces.

Inventory:

Hand Weapons
 a - a +1 war axe (weapon)
 D - a +0 trident
 I - a +1 hand axe of chopping
Armour
 b - a +0 scale mail
 c - a +0 shield (worn)
 C - a +0 plate armour (worn)
Jewellery
 E - an uncursed ring of fire {unknown}
Wands
 B - a wand of paralysis (8/24)
 F - a wand of enslavement (8/24)
Scrolls
 g - 7 scrolls of identify
 h - 4 scrolls of fog
 i - 3 scrolls of magic mapping
 k - 3 scrolls of remove curse
 n - 2 scrolls of enchant weapon
 o - 2 scrolls of fear {unknown}
 r - a scroll of enchant armour {unknown}
 u - 2 scrolls of immolation {unknown}
 y - a scroll of random uselessness {unknown}
 A - 2 scrolls of recharging {unknown}
Potions
 d - 5 potions of might
 e - a potion of magic {unknown}
 j - 2 potions of agility {unknown}
 p - 2 potions of curing
 q - 3 potions of haste {unknown}
 w - a potion of flight {unknown}
 x - 2 potions of brilliance {unknown}
 z - 4 potions of heal wounds {unknown}
 G - 2 potions of mutation {unknown}
Books
 H - a book of Flames

   Spells                             Type                      Level
   a - Flame Tongue                   Conjuration/Fire             1
   b - Throw Flame                    Conjuration/Fire             2
   c - Conjure Flame                  Conjuration/Fire             3
   d - Inner Flame                    Hexes/Fire                   3
   e - Sticky Flame                   Conjuration/Fire             4
   f - Fireball                       Conjuration/Fire             5
 J - a book of Battle

   Spells                             Type                      Level
   a - Infusion                       Charms                       1
   b - Shroud of Golubria             Charms/Translocation         2
   c - Song of Slaying                Charms                       2
   d - Spectral Weapon                Hexes/Charms                 3
   e - Regeneration                   Charms/Necromancy            3
Comestibles
 f - 9 bread rations
 l - 4 royal jellies
 s - 2 meat rations
 t - 3 fruits


   Skills:
 + Level 8.0(7.5) Fighting
 + Level 11.4(10.8) Axes
 + Level 8.0(7.5) Armour
 + Level 2.6(2.1) Dodging
 + Level 3.2(2.7) Stealth
 + Level 8.0(7.5) Shields
 + Level 0.1(0.0) Evocations


You had 9 spell levels left.
You didn't know any spells.

Dungeon Overview and Level Annotations

Branches:
Dungeon (8/15)             Temple (0/1) D:5
   Lair: D:8-11

Altars:
Fedhas
Gozag
Kikubaaqudgha
Uskayaw

Annotations:
D:6 plantmann's ghost, novice HuCj
D:8 Psyche


Innate Abilities, Weirdness & Mutations

You reflexively headbutt those who attack you in melee.
You have a pair of horns on your head.


Message History

You headbutt the sixfirhy. You block the sixfirhy's attack.
Unknown command.
Unknown command.
Okay, then.
Blink to where?
Press: ? - help, Dir - move target cursor You are very lightly contaminated with residual magic.
As you read the scroll of blinking, it crumbles to dust.
A large abomination comes into view.
Blink to where?
Press: ? - help, Dir - move target cursor
As you read the scroll of blinking, it crumbles to dust.
You hear a grinding noise.
Found 43 gold pieces and a scroll of magic mapping.
Found a flail.
An efreet comes into view. It is wielding a scimitar of flaming.
A stone giant skeleton comes into view.
You block the sixfirhy's attack. x2
The sixfirhy hits you!
You die...

#.#.# ... #R# ##
..###.###§.# ####. .#..
#..§#.###.#.. # # .#..
#.R.#.#.#.# .#
..§.#..###$#?##....#...
#....................#
..#...#....###.#..#.#
.. .#......##..3..# ..#
#.# .. ##.##@## .
..#...#.#.. #...#
..#.....#... #Z...# #
.#)#......# ...#.# .
....#...# .#..#.# #...
.. #..... ## .. ..# ...
..


You could see a sixfirhy, an efreet and a stone giant skeleton.

Vanquished Creatures
  2 two-headed ogres (D:8)
  Grinder (D:3)
  Sigmund (D:5)
  Eustachio (D:5)
  Edmund (D:5)
  2 ogres
  A phantom (D:8)
  2 sky beasts (D:5)
  The ghost of ceb the Bolt Thrower, an amateur DsHu (D:3)
  2 big kobolds (D:8)
  5 bullfrogs
  3 scorpions (D:8)
  7 wights (D:8)
  2 howler monkeys (D:8)
  2 crimson imps (D:8)
  A centaur zombie (D:6)
  5 hounds
  2 jellies
  6 orc priests
  4 orc wizards
  An iguana (D:4)
  3 worker ants
  A hound skeleton (D:8)
  4 gnolls (D:5)
  5 river rats
  13 adders
  An ufetubus (Abyss:2)
  2 oozes
  2 adder skeletons
  3 worms
  2 dart slugs (D:1)
  4 leopard geckos
  23 orcs
  7 giant cockroaches
  7 hobgoblins
  8 jackals
  15 kobolds
  6 quokkas
  13 ball pythons
  6 bats
  5 frilled lizards
  A giant cockroach zombie (D:5)
  9 goblins
  A jackal skeleton (D:4)
  35 rats
228 creatures vanquished.

Notes
Turn   | Place    | Note
-------+----------+-------------------------------------------
     0 | D:1      | equalderp2856 the Minotaur Fighter began the quest for the Orb.
     0 | D:1      | Reached XP level 1. HP: 19/19 MP: 0/0
   148 | D:1      | Reached XP level 2. HP: 23/27 MP: 1/1
   699 | D:2      | Reached XP level 3. HP: 33/33 MP: 2/2
   972 | D:2      | Reached skill level 3 in Axes
  1104 | D:2      | Reached XP level 4. HP: 39/40 MP: 3/3
  1443 | D:3      | Found a faded altar of an unknown god.
  1682 | D:3      | Reached skill level 4 in Axes
  1682 | D:3      | Reached XP level 5. HP: 14/46 MP: 4/4
  1975 | D:3      | Noticed Grinder
  1981 | D:3      | Paralysed by Grinder for 7 turns
  1991 | D:3      | Killed Grinder
  1991 | D:3      | Reached skill level 5 in Axes
  1991 | D:3      | Reached skill level 5 in Armour
  1991 | D:3      | Reached skill level 1 in Dodging
  1991 | D:3      | Reached skill level 5 in Shields
  1991 | D:3      | Reached XP level 6. HP: 28/53 MP: 5/5
  2217 | D:3      | Noticed ceb's ghost (amateur DsHu)
  2235 | D:3      | Killed ceb's ghost
  2581 | D:4      | Reached skill level 6 in Axes
  2679 | D:4      | Reached skill level 5 in Fighting
  2679 | D:4      | Reached XP level 7. HP: 33/61 MP: 6/6
  2747 | D:4      | Found a glowing drain.
  2783 | Sewer    | Entered a sewer
  3394 | Sewer    | Reached skill level 7 in Axes
  3724 | D:4      | Found an opulent altar of Gozag.
  4070 | D:5      | Entered Level 5 of the Dungeon
  4158 | D:5      | Found a staircase to the Ecumenical Temple.
  4165 | D:5      | Reached XP level 8. HP: 54/69 MP: 7/7
  4209 | D:5      | Noticed Eustachio
  4298 | D:5      | Killed Eustachio
  4298 | D:5      | Reached skill level 8 in Axes
  4298 | D:5      | Reached skill level 1 in Stealth
  4376 | D:5      | Noticed Sigmund
  4413 | D:5      | Killed Sigmund
  4484 | D:5      | Found a blossoming altar of Fedhas.
  4597 | D:5      | Found an ancient bone altar of Kikubaaqudgha.
  4761 | D:5      | Noticed Edmund
  4781 | D:5      | Killed Edmund
  4781 | D:5      | Reached skill level 9 in Axes
  5019 | D:6      | Noticed plantmann's ghost (novice HuCj)
  5340 | D:7      | Noticed a hippogriff
  5355 | D:8      | Noticed a two-headed ogre
  5366 | D:8      | Killed a two-headed ogre
  5366 | D:8      | Reached skill level 10 in Axes
  5366 | D:8      | Reached XP level 9. HP: 38/79 MP: 8/8
  6638 | D:8      | Found a hide-covered altar of Uskayaw.
  6677 | D:8      | Noticed a two-headed ogre
  6680 | D:8      | Reached skill level 11 in Axes
  6695 | D:8      | Killed a two-headed ogre
  6695 | D:8      | Reached XP level 10. HP: 88/88 MP: 9/9
  6804 | D:8      | Noticed Psyche
  6811 | D:8      | Paralysed by Psyche for 6 turns
  6816 | D:8      | Cast into level 2 of the Abyss (Psyche)
  6829 | Abyss:2  | Noticed a smoke demon
  6954 | Abyss:2  | Noticed a thrashing horror
  7043 | Abyss:2  | Noticed a rakshasa
  7057 | Abyss:2  | Noticed a cacodemon
  7059 | Abyss:2  | Noticed a sixfirhy
  7084 | Abyss:2  | Slain by a sixfirhy

Skill      XL: |  1  2  3  4  5  6  7  8  9 10 |
---------------+-------------------------------+-----
Armour         | 4 5 6 7 8 |  8.0
Shields        | 4 5 7 8 |  8.0
Fighting       | 4 5 7 8 |  8.0
Axes           | 3 4 5 6 7 10 11 | 11.4
Dodging        | 1 2 |  2.6
Stealth        | 2 3 |  3.2
Evocations     | |  0.1

Action                   |  1- 3 |  4- 6 |  7- 9 | 10-12 || total
-------------------------+-------+-------+-------+-------++-------
Melee: War axe           |    92 |    97 |   391 |    24 ||   604
       Headbutt          |     7 |    19 |    83 |     4 ||   113
Evoke: Wand              |       |       |     3 |       ||     3
  Use: Potion            |       |       |     1 |     3 ||     4
       Scroll            |       |       |     6 |     5 ||    11
 Stab: Paralysed         |       |       |    11 |       ||    11
  Eat: Chunk             |       |     4 |    13 |     2 ||    19
       Fruit             |       |     1 |       |       ||     1
Armor: Scale mail        |    41 |    31 |    44 |       ||   116
       Plate armour      |       |       |   165 |    31 ||   196
Dodge: Dodged            |    33 |    25 |    99 |    13 ||   170
Block: Shield            |    60 |    38 |   232 |    38 ||   368
